 Dungeon Crawl Stone Soup version 0.27.0-1-g7a089689b8 (webtiles) character file.

Game seed: 16563211329091758135

413 SnakkuSnakku7 the Changer (level 6, -11/29 HPs)
             Began as a Spriggan Transmuter on Aug 14, 2021.
             Mangled by a mummy (18 damage)
             ... in an ossuary.
             The game lasted 00:10:53 (7121 turns).

SnakkuSnakku7 the Changer (Spriggan Transmuter)     Turns: 7121, Time: 00:10:53

Health: -11/29     AC:  2    Str:  6    XL:     6   Next: 59%
Magic:  10/11      EV: 17    Int: 16    God:
Gold:   86         SH:  0    Dex: 16    Spells: 6/10 levels left

rFire    . . .     SeeInvis +     - Unarmed
rCold    . . .     Faith    .   (shield restricted)
rNeg     . . .     Spirit   .   a - +0 robe
rPois    .         Reflect  .   (helmet restricted)
rElec    .         Harm     .   (no cloak)
rCorr    .         Rampage  .   (gloves unavailable)
Will     +....                  (boots unavailable)
Stlth    +.........             (no amulet)
HPRegen  0.09/turn              (no ring)
MPRegen  0.12/turn              (no ring)

@: very quick
A: very small, no large weapons, unfitting armour, see invisible, speed 3
a: no special abilities


You were in an ossuary.
You visited 1 branch of the dungeon, and saw 4 of its levels.
You also visited: Sewer and Ossuary.

You collected 86 gold pieces.

Inventory:

Missiles
 f - 34 poisoned darts (quivered)
Armour
 a - a +0 robe (worn)
Jewellery
 b - a ring of ice
Scrolls
 g - 2 scrolls of magic mapping
 i - 2 scrolls of teleportation {unknown}
 j - a scroll of acquirement {unknown}
Potions
 c - a potion of might {unknown}
 d - a potion of brilliance
 h - a potion of mutation


   Skills:
 - Level 0.7 Fighting
 - Level 2.6 Dodging
 - Level 3.0 Unarmed Combat
 - Level 2.6 Spellcasting
 + Level 7.0 Transmutations
 - Level 4.0 Poison Magic


You had 6 spell levels left.
You knew the following spells:

 Your Spells              Type           Power      Damage    Failure   Level
a - Beastly Appendage     Tmut           48%        N/A       1%          1
b - Spider Form           Tmut/Pois      9%         N/A       6%          3

Your spell library contained the following spells:

 Spells                   Type           Power      Damage    Failure   Level
 Wereblood                Tmut           24%        N/A       1%          2
 Ice Form                 Ice/Tmut       13%        N/A       41%         4
 Chain Lightning          Conj/Air       1%         3d1       100%        9
 Fire Storm               Conj/Fire      1%         7d1       100%        9


Dungeon Overview and Level Annotations

Branches:
Dungeon (4/15)              Sewer (visited)         Ossuary (1/1)
 Temple: D:4-7

Altars:


Innate Abilities, Weirdness & Mutations

You are very small and have problems with some larger weapons.
You are too small for most types of armour.
You have supernaturally acute eyesight. (SInv)
You cover ground extremely quickly. (Speed+++)


Message History

You hit the mummy.
You destroy the mummy!
Your Transmutations skill increases to level 7!
You close the door.
You start resting.
A mummy opens the door.
Unknown command.
Unknown command.
You close the door.
A mummy opens the door.
You close the door.
There's nothing to close nearby.
There's nothing to close nearby.
You start resting.
A mummy opens the door.
You close the door.
The mummy moves out of view.
There's nothing to close nearby.
There's nothing to close nearby.
You start resting.
A mummy opens the door.
You close the door.
Your transformation is almost over.
The mummy moves out of view.
There's nothing to close nearby.
You start resting.
A mummy opens the door.
You close the door.
A mummy opens the door.
You close the door.
There's nothing to close nearby.
There's nothing to close nearby.
A mummy opens the door.
The mummy hits you!
* * * LOW HITPOINT WARNING * * *
You hit the mummy.
The mummy is lightly damaged.
You hit the mummy.
The mummy is moderately damaged.
Your transformation has ended.
Your +0 robe unmelds from your body.
The mummy hits you!!
Ouch! That really hurt!
You die...

##.....##
##.......##
#.........#
+....⌠....+
#.........#
##.......##
##^....##
###M### #@#
##.## #.∩.#
#.∩.# #####


You could see a mummy.

Vanquished Creatures
  2 kobold brigands (Sewer)
  2 hounds (D:3)
  An iguana (D:3)
  A mummy (Ossuary)
  Robin (D:2)
  A gnoll (D:3)
  An adder (D:3)
  2 river rats (Sewer)
  6 worms
  2 dart slugs (D:2)
  An orc (D:3)
  5 bats
  4 endoplasms
  3 giant cockroaches
  17 goblins
  8 hobgoblins
  5 quokkas
  12 ball pythons
  2 frilled lizards
  20 kobolds
  10 rats
106 creatures vanquished.

Notes
Turn   | Place    | Note
-------+----------+-------------------------------------------
     0 | D:1      | SnakkuSnakku7 the Spriggan Transmuter began the quest for
                  | the Orb.
     0 | D:1      | Reached XP level 1. HP: 9/9 MP: 5/5
   103 | D:1      | Reached skill level 3 in Transmutations
   593 | D:1      | Reached XP level 2. HP: 10/14 MP: 4/6
  1371 | D:1      | Found a faded altar of an unknown god.
  1972 | D:2      | Noticed Robin
  2013 | D:2      | Reached XP level 3. HP: 10/17 MP: 6/8
  2067 | D:1      | Learned a level 3 spell: Spider Form
  2315 | D:2      | Killed Robin
  2316 | D:2      | Reached skill level 4 in Transmutations
  2561 | D:2      | Reached skill level 1 in Poison Magic
  3072 | D:2      | Reached XP level 4. HP: 17/21 MP: 7/9
  3967 | D:3      | Found a glowing drain.
  4154 | Sewer    | Entered a sewer
  4367 | Sewer    | Reached skill level 5 in Transmutations
  4502 | Sewer    | Noticed a kobold brigand
  4543 | Sewer    | Killed a kobold brigand
  4544 | Sewer    | Reached XP level 5. HP: 15/25 MP: 6/10
  4768 | Sewer    | Reached skill level 6 in Transmutations
  5310 | Sewer    | Reached XP level 6. HP: 27/29 MP: 11/11
  7035 | D:4      | Found a sand-covered staircase.
  7043 | Ossuary  | Entered an ossuary
  7105 | Ossuary  | Reached skill level 7 in Transmutations
  7121 | Ossuary  | Mangled by a mummy

Illustrated notes

Levels and vault maps discovered:
D:1:      nzn_arrival_crosshair, layout_basic, ebering_ecumenical_altar_rust,
          minmay_liquid_box
D:2:      minmay_recursive_quarters, layout_basic, uniq_robin
D:3:      layout_loops_corners, cheibrodos_sewer_entry_sluice,
          cheibrodos_gnoll_hut
D:4:      layout_loops_cross, mainiacjoe_overflow_alcove_4,
          lightli_ossuary_entry_decrepit_ruins, uniq_menkaure
Ossuary:  ossuary_crypta

Skill      XL: |  1  2  3  4  5  6 |
---------------+-------------------+-----
Transmutations | 3 4 5 6 7 |  7.0
Unarmed Combat | 3 |  3.0
Poison Magic   | 1 2 3 4 |  4.0
Fighting       | |  0.7
Dodging        | |  2.6
Spellcasting   | |  2.6

Action                   |  1- 3 |  4- 6 || total
-------------------------+-------+-------++-------
Melee: Unarmed           |   159 |   257 ||   416
       Kick              |    17 |    34 ||    51
       Headbutt          |    12 |     9 ||    21
       Punch             |     1 |     2 ||     3
Throw: Dart              |       |    19 ||    19
 Cast: Beastly Appendage |    23 |    14 ||    37
       Spider Form       |       |     7 ||     7
 Abil: End Transformatio |       |     2 ||     2
  Use: Scroll            |       |     3 ||     3
 Stab: Sleeping          |     2 |     2 ||     4
Armor: Robe              |     8 |    14 ||    22
       Skin              |       |     1 ||     1
Dodge: Dodged            |   104 |   147 ||   251
